 Dungeon Crawl Stone Soup version 0.27-a0-1193-g8631133539 (webtiles) character file.

Game seed: 10125031761707022439

79 tsouns the Gusty (level 4, -2/32 HPs)
             Began as a Gnoll Air Elementalist on May 26, 2021.
             Was a Believer of Sif Muna.
             Slain by Robin
             ... wielding a +7 short sword
              (13 damage)
             ... on level 2 of the Dungeon.
             The game lasted 00:02:52 (1555 turns).

tsouns the Gusty (Gnoll Air Elementalist)           Turns: 1555, Time: 00:02:53

Health: -2/32      AC:  2    Str:  8    XL:     4   Next: 37%
Magic:  0/11       EV: 13    Int: 15    God:    Sif Muna [**....]
Gold:   23         SH:  0    Dex: 12    Spells: 3/13 levels left

rFire    . . .     SeeInvis .   i - +2 falchion (elec)
rCold    . . .     Faith    .   (no shield)
rNeg     . . .     Spirit   .   a - +0 robe
rPois    .         Reflect  .   (no helmet)
rElec    .         Harm     .   (no cloak)
rCorr    .         Rampage  .   (no gloves)
Will     .....                  (no boots)
Stlth    ++........             (no amulet)
HPRegen  0.10/turn              (no ring)
MPRegen  0.12/turn              (no ring)

@: no status effects
A: fangs 1, strong nose, distributed training
a: Renounce Religion, Channel Magic


You were on level 2 of the Dungeon.
You worshipped Sif Muna.
Sif Muna was pleased with you.
You visited 1 branch of the dungeon, and saw 2 of its levels.

You collected 23 gold pieces.

Inventory:

Hand Weapons
 b - a +0 short sword
 i - a +2 falchion of electrocution (weapon)
Armour
 a - a +0 robe (worn)
Jewellery
 g - an amulet of guardian spirit
Scrolls
 c - 2 scrolls of holy word {unknown}
 d - a scroll of amnesia {unknown}
Potions
 e - a potion of might {unknown}
 f - a potion of cancellation {unknown}
 h - a potion of heal wounds {unknown}


   Skills:
 + Level 1.1 Fighting
 + Level 1.1 Short Blades
 + Level 1.1 Long Blades
 + Level 1.1 Axes
 + Level 1.1 Maces & Flails
 + Level 1.1 Polearms
 + Level 1.1 Staves
 + Level 1.1 Slings
 + Level 1.1 Bows
 + Level 1.1 Crossbows
 + Level 1.1 Throwing
 + Level 1.1 Armour
 + Level 4.6 Dodging
 + Level 4.2 Stealth
 + Level 1.1 Shields
 + Level 1.1 Unarmed Combat
 + Level 5.0 Spellcasting
 + Level 2.2 Conjurations
 + Level 0.8 Hexes
 + Level 0.8 Summonings
 + Level 0.8 Necromancy
 + Level 0.8 Translocations
 + Level 0.8 Transmutations
 + Level 0.8 Fire Magic
 + Level 0.8 Ice Magic
 + Level 5.4 Air Magic
 + Level 0.8 Earth Magic
 + Level 0.8 Poison Magic
 + Level 1.2 Invocations
 + Level 1.1 Evocations


You had 3 spell levels left.
You knew the following spells:

 Your Spells              Type           Power      Damage    Failure   Level
a - Shock                 Conj/Air       60%        1d6       3%          1
b - Static Discharge      Conj/Air       15%        N/A       4%          2
c - Swiftness             Air            20%        N/A       4%          3
d - Airstrike             Air            10%        N/A       17%         4

Your spell library contained the following spells:

 Spells                   Type           Power      Damage    Failure   Level
 Lightning Bolt           Conj/Air       7%         1d20      67%         5


Dungeon Overview and Level Annotations

Branches:
Dungeon (2/15)

Altars:
Sif Muna

Annotations:
D:2 Robin


Innate Abilities, Weirdness & Mutations

You have very sharp teeth.
Your uncanny sense of smell can sniff out nearby items.
Your experience applies equally to all skills.


Message History

Robin says, "Kneel, worm!"
Robin throws the goblin at you!
Things that are here:
a +0 dagger; a +0 hunting sling; 12 stones The goblin misses you.
The goblin hits you with a +0 dagger. The goblin hits you with a +0 dagger.
The ball python closely misses you.
You riposte.
You hit the ball python.
Lightning courses through the ball python!
You kill the ball python!
Sif Muna accepts your kill.
The goblin no longer looks unusually strong.
Robin throws the goblin at you! The goblin barely misses you.
You riposte.
You hit the goblin.
You kill the goblin!
Sif Muna accepts your kill.
A hobgoblin comes into view.
The hobgoblin shouts!
The goblin no longer looks unusually strong.
The kobold shouts!
You hit the goblin. Lightning courses through the goblin!
You kill the goblin!
Sif Muna accepts your kill.
Casting: Shock (safe; 3% risk of failure)
Confirm with . or Enter, or press ? or * to list all spells.
Aiming: Shock (safe; 3% risk of failure)
Press: ? - help, Shift-Dir - straight line, f - hobgoblin
Aim: a hobgoblin (71% to hit)
The zap hits the hobgoblin.
You kill the hobgoblin!
Sif Muna accepts your kill.
Casting: Shock (safe; 3% risk of failure)
Confirm with . or Enter, or press ? or * to list all spells.
Aiming: Shock (safe; 3% risk of failure)
Press: ? - help, Shift-Dir - straight line, f - kobold
Aim: a kobold, wielding a +0 short sword (64% to hit)
The zap misses the kobold.
You closely miss Robin.
Robin is heavily wounded.
Robin hits you with a +7 short sword!
You die...

#.#.#.#.......(.....#
####.#.#+#####.......#
#...............#...##
#.##............#...## ..
#.##............+....# ....
#.##...........K#g.))####....
#.##............#...........#
#.#####.........#...........#
#.##<##........@#...........#
#.##.#######....g#...........
#.##.#.........†.#...........
#.)..............#....÷##...
#................#...(.# ...
#.........)......#.....# #.
#.##.#...........#.....#
#.##.+...........#....(#
#.####......######.....#


You could see Robin and a kobold.

Vanquished Creatures
  An adder (D:2)
  4 ball pythons
  5 bats (D:1)
  2 endoplasms
  3 giant cockroaches (D:1)
  17 goblins
  7 hobgoblins
  4 jackals (D:1)
  5 kobolds
  4 quokkas
  3 frilled lizards (D:1)
  3 rats (D:2)
58 creatures vanquished.

Notes
Turn   | Place    | Note
-------+----------+-------------------------------------------
     0 | D:1      | tsouns the Gnoll Air Elementalist began the quest for the
                  | Orb.
     0 | D:1      | Reached XP level 1. HP: 13/13 MP: 6/6
   160 | D:1      | Reached XP level 2. HP: 19/19 MP: 5/7
   663 | D:1      | Reached XP level 3. HP: 25/25 MP: 7/9
   673 | D:1      | Reached skill level 5 in Spellcasting
   802 | D:1      | Found a faded altar of an unknown god.
   831 | D:1      | Became a worshipper of Sif Muna the Loreminder
   831 | D:1      | Reached * piety under Sif Muna
   913 | D:1      | Reached skill level 1 in Invocations
  1317 | D:2      | Reached skill level 1 in Fighting
  1317 | D:2      | Reached skill level 1 in Short Blades
  1317 | D:2      | Reached skill level 1 in Long Blades
  1317 | D:2      | Reached skill level 1 in Axes
  1317 | D:2      | Reached skill level 1 in Maces & Flails
  1317 | D:2      | Reached skill level 1 in Polearms
  1317 | D:2      | Reached skill level 1 in Staves
  1317 | D:2      | Reached skill level 1 in Slings
  1317 | D:2      | Reached skill level 1 in Bows
  1317 | D:2      | Reached skill level 1 in Crossbows
  1317 | D:2      | Reached skill level 1 in Throwing
  1317 | D:2      | Reached skill level 1 in Armour
  1317 | D:2      | Reached skill level 1 in Shields
  1317 | D:2      | Reached skill level 1 in Unarmed Combat
  1317 | D:2      | Reached skill level 1 in Evocations
  1317 | D:2      | Reached XP level 4. HP: 19/32 MP: 2/11
  1496 | D:2      | Learned a level 2 spell: Static Discharge
  1500 | D:2      | Learned a level 3 spell: Swiftness
  1505 | D:2      | Learned a level 4 spell: Airstrike
  1528 | D:2      | Noticed Robin
  1531 | D:2      | Reached ** piety under Sif Muna
  1555 | D:2      | Slain by Robin

Illustrated notes

Levels and vault maps discovered:
D:1:      kennysheep_arrival_forest, layout_basic,
          hellmonk_ecumenical_altar_pennies_from_heaven,
          chequers_serial_rivers_micro_c
D:2:      minmay_diamond_boxcup, layout_basic, uniq_robin

Skill      XL: |  1  2  3 |
---------------+----------+-----
Conjurations   | 2 |  2.2
Spellcasting   | 5 |  5.0
Invocations    | 1 |  1.2
Fighting       | 1 |  1.1
Short Blades   | 1 |  1.1
Long Blades    | 1 |  1.1
Axes           | 1 |  1.1
Maces & Flails | 1 |  1.1
Polearms       | 1 |  1.1
Staves         | 1 |  1.1
Slings         | 1 |  1.1
Bows           | 1 |  1.1
Crossbows      | 1 |  1.1
Throwing       | 1 |  1.1
Armour         | 1 |  1.1
Shields        | 1 |  1.1
Unarmed Combat | 1 |  1.1
Evocations     | 1 |  1.1
Dodging        | |  4.6
Stealth        | |  4.2
Hexes          | |  0.8
Summonings     | |  0.8
Necromancy     | |  0.8
Translocations | |  0.8
Transmutations | |  0.8
Fire Magic     | |  0.8
Ice Magic      | |  0.8
Air Magic      | |  5.4
Earth Magic    | |  0.8
Poison Magic   | |  0.8

Action                   |  1- 3 |  4- 6 || total
-------------------------+-------+-------++-------
Melee: Falchion          |     2 |     3 ||     5
       Short sword       |     1 |       ||     1
 Cast: Shock             |    65 |    11 ||    76
       Static Discharge  |       |     3 ||     3
Armor: Robe              |     6 |     3 ||     9
Dodge: Dodged            |    19 |     8 ||    27
       Rpst.: Falchion   |     2 |     4 ||     6

Table legend: (Time is in decaauts)
 A = Elapsed time spent in this place.
 B = Non-inter-level travel time spent in this place.
 C = Inter-level travel time spent in this place.
 D = Time resting spent in this place.
 E = Time spent auto-exploring this place.
 F = Levels seen in this place.
 G = Mean time per level.
                   A        B        C        D        E       F      G
               +--------+--------+--------+--------+--------+-----+--------+
         Total |   1557 |   1506 |     51 |      0 |   1292 |   2 |  778.5 |
       Dungeon |   1557 |   1506 |     51 |      0 |   1292 |   2 |  778.5 |
               +--------+--------+--------+--------+--------+-----+--------+

Top non-repeatable levels by time:
     D:1: 1120 daAuts
     D:2: 437 daAuts
